 Dungeon Crawl Stone Soup version 0.31.0-32-g396128a36d (webtiles) character file.

Game seed: 2514368108726704534

3210 firemarshallily the Martial Artist (level 9, -2/71 HPs)
             Began as a Gnoll Wanderer on Mar 29, 2024.
             Was a Priest of Uskayaw.
             Slain by Gastronok (30 damage)
             ... on level 8 of the Dungeon.
             The game lasted 00:19:45 (7438 turns).

firemarshallily the Martial Artist (Gnoll Wanderer) Turns: 7438, Time: 00:19:46

Health: -2/71      AC: 12    Str: 10    XL:     9   Next: 97%
Magic:  26/26      EV: 16    Int: 13    God:    Uskayaw [***...]
Gold:   399        SH:  0    Dex: 22    Spells: 18/19 levels left

rFire   + . .        g - +2 short sword of Hoelakk {heavy, ^Fragile rF+ Int+3 Dex+3}
rCold   . . .        (no shield)
rNeg    . . .        e - +0 steam dragon scales
rPois   .            t - +2 helmet
rElec   .            (no cloak)
rCorr   .            i - +2 pair of gloves
SInv    .            (no boots)
Will    .....        (no amulet)
Stlth   +++          v - ring of magical power
HPRegen 0.31/turn    (no ring)
MPRegen 0.20/turn

%: no passive effects
@: no status effects
A: fangs 1, strong nose, distributed training
a: Renounce Religion, Stomp, Line Pass


You were on level 8 of the Dungeon.
You worshipped Uskayaw.
Uskayaw was noncommittal.
You visited 2 branches of the dungeon, and saw 9 of its levels.

You collected 399 gold pieces.

Inventory:

Hand Weapons
 g - the +2 short sword of Hoelakk (weapon) {heavy, ^Fragile rF+ Int+3 Dex+3}
   (You found it on level 5 of the Dungeon)

   Int+3:     It affects your intelligence (+3).
   Dex+3:     It affects your dexterity (+3).
   rF+:       It protects you from fire.
   ^Fragile:  It will be destroyed if unequipped.
Missiles
 d - 12 boomerangs (quivered)
 k - 12 poisoned darts
 D - a throwing net
Armour
 e - +0 steam dragon scales (worn)
 i - a +2 pair of gloves (worn)
 t - a +2 helmet (worn)
Jewellery
 v - a ring of magical power (left hand)
Wands
 a - a wand of iceblast (6)
 y - a wand of flame (35)
Scrolls
 b - 4 scrolls of blinking
 f - 6 scrolls of vulnerability
 h - 3 scrolls of fog {unknown}
 j - a scroll of poison {unknown}
 l - 2 scrolls of amnesia {unknown}
 m - 2 scrolls of brand weapon {unknown}
 q - 5 scrolls of teleportation {unknown}
 r - 7 scrolls of identify {unknown}
 s - a scroll of revelation {unknown}
 u - a scroll of noise {unknown}
 x - a scroll of enchant weapon {unknown}
 B - 3 scrolls of fear {unknown}
 C - a scroll of butterflies {unknown}
Potions
 c - 4 potions of heal wounds
 n - 2 potions of might
 o - 5 potions of curing
 p - a potion of magic {unknown}
 w - a potion of attraction {unknown}
 z - a potion of berserk rage {unknown}
 A - a potion of enlightenment {unknown}


   Skills:
 + Level 6.8 Fighting
 + Level 6.8 Short Blades
 + Level 4.9 Long Blades
 + Level 4.9 Axes
 + Level 4.9 Maces & Flails
 + Level 4.9 Polearms
 + Level 4.9 Staves
 + Level 4.9 Ranged Weapons
 + Level 5.6 Throwing
 + Level 4.9 Armour
 + Level 5.6 Dodging
 + Level 4.9 Stealth
 + Level 4.9 Shields
 + Level 8.3 Unarmed Combat
 + Level 5.7 Spellcasting
 + Level 4.1 Conjurations
 + Level 4.1 Hexes
 + Level 4.1 Summonings
 + Level 4.1 Necromancy
 + Level 4.1 Translocations
 + Level 4.1 Fire Magic
 + Level 4.1 Ice Magic
 + Level 4.1 Air Magic
 + Level 4.1 Earth Magic
 + Level 4.1 Alchemy
 + Level 5.4 Invocations
 + Level 4.9 Evocations
 + Level 4.5 Shapeshifting


You had 18 spell levels left.
You knew the following spells:

 Your Spells              Type           Power      Damage    Failure   Level
a - Slow                  Hex            56%        N/A       3%          1

Your spell library contained the following spells:

 Spells                   Type           Power      Damage    Failure   Level
 Confusing Touch          Hex            14%        N/A       10%         3
 Sigil of Binding         Hex            14%        N/A       10%         3
 Vampiric Draining        Necr           14%        2d7       10%         3
 Summon Forest            Summ/Tloc      7%         N/A       65%         5
 Eringya's Noxious Bog    Alch           7%         4d6       99%         6
 Summon Hydra             Summ           7%         N/A       100%        7


Dungeon Overview and Level Annotations

Branches:
Dungeon (8/15)             Temple (1/1) D:5
   Lair: D:8-11

Altars:
Ashenzari
Cheibriados
Elyvilon
Fedhas
Gozag
Hepliaklqana
Kikubaaqudgha
Makhleb
Nemelex Xobeh
Qazlal
Ru
Sif Muna
Trog
Uskayaw
Vehumet
Wu Jian
Yredelemnul
Zin
The Shining One

Shops:
D:6 *

Annotations:
D:6 3 runed translucent doors, Tripartite's ghost, weakling MfDe; Wolfey's ghost, novice OpFi
D:8 Gastronok


Innate Abilities, Weirdness & Mutations

You have very sharp teeth.
Your uncanny sense of smell can sniff out nearby items.
Your experience applies equally to all skills.


Message History

You bite the black bear, but do no damage.
The black bear is moderately wounded.
The bat barely misses you. The black bear misses you. x2
The black bear closely misses you. Gastronok bites you!!
You can now pass through a line of other dancers.
Unknown command.
You puncture the black bear!
You bite the black bear, but do no damage.
The black bear is severely wounded.
The bat completely misses you. The bat barely misses you.
The bat hits you but does no damage. The black bear barely misses you.
The black bear closely misses you.
The black bear claws you but does no damage.
You hit the black bear.
You bite the black bear, but do no damage.
The black bear is almost dead.
The bat hits you but does no damage. The bat closely misses you.
The black bear goes berserk!
The bat hits you but does no damage. The bat hits you.
Gastronok completely misses you.
You puncture the black bear!
The black bear is almost dead.
The bat closely misses you. x2; The bat barely misses you.
The black bear closely misses you. The black bear claws you. x2
Uskayaw will force your foes to helplessly watch your dance.
Uskayaw prepares the audience for your solo!
The helpless black bear fails to defend itself.
You perforate the black bear like a sieve!!!
You kill the black bear!
Gastronok is no longer paralysed.
Gastronok gurgles.
Gastronok closely misses you.
You puncture Gastronok!
Gastronok is moderately wounded.
The bat is no longer paralysed. x2; The bat barely misses you.
The bat closely misses you.
You hit Gastronok.
Gastronok is moderately wounded.
The bat is no longer paralysed.
The bat misses you. x2; Gastronok bites you!!
You die...
Gastronok gurgles, "Time to dig in!"

......# ##
...#.# $..
#..#.##.#
.......
#....#
#....
..#####b.#
.....bw@b#
...#####.#
#.# #.#
#.# ##.##
#.#.#
#..## #<##


You could see Gastronok and 3 bats.

Vanquished Creatures
  Sigmund (D:2)
  4 steam dragons
  2 water moccasins (D:5)
  2 orc warriors (D:6)
  An ice beast (D:5)
  3 black bears
  An ogre (D:6)
  2 centaurs (D:7)
  A phantom (D:5)
  A bullfrog (D:6)
  A gnoll sergeant (D:7)
  3 scorpions
  4 wights (D:7)
  2 orc priests
  2 bombardier beetles
  A jelly (D:7)
  3 hounds
  3 iguanas
  14 orc wizards
  4 gnolls (D:7)
  7 adders
  A shadow imp (D:5)
  A white imp (D:7)
  4 ufetubi
  2 ribbon worms
  3 dart slugs
  44 orcs
  2 endoplasms
  4 giant cockroaches
  10 hobgoblins
  2 jackals (D:1)
  10 kobolds
  2 quokkas (D:1)
  3 ball pythons
  3 bats
  3 frilled lizards
  10 goblins
  7 rats
173 creatures vanquished.

Notes
Turn   | Place    | Note
-------+----------+-------------------------------------------
     0 | D:1      | firemarshallily the Gnoll Wanderer began the quest for the
                  | Orb.
     0 | D:1      | firemarshallily set off with the following items: a +0
                  | short sword, a scroll of blinking, a potion of heal wounds,
                  | 7 boomerangs, a +0 dagger, a scroll of vulnerability, a +0
                  | robe.
     0 | D:1      | Reached XP level 1. HP: 20/20 MP: 4/4
   143 | D:1      | Reached XP level 2. HP: 24/26 MP: 5/5
   165 | D:1      | Found a faded altar of an unknown god.
   530 | D:1      | Reached XP level 3. HP: 26/31 MP: 7/7
   901 | D:2      | Found a stormy altar of Qazlal.
   930 | D:2      | Reached skill level 1 in Invocations
   956 | D:2      | Noticed Sigmund
   982 | D:2      | Killed Sigmund
   983 | D:2      | Reached skill level 1 in Long Blades
   983 | D:2      | Reached skill level 1 in Axes
   983 | D:2      | Reached skill level 1 in Maces & Flails
   983 | D:2      | Reached skill level 1 in Polearms
   983 | D:2      | Reached skill level 1 in Staves
   983 | D:2      | Reached skill level 1 in Ranged Weapons
   983 | D:2      | Reached skill level 1 in Armour
   983 | D:2      | Reached skill level 1 in Stealth
   983 | D:2      | Reached skill level 1 in Shields
   983 | D:2      | Reached skill level 1 in Conjurations
   983 | D:2      | Reached skill level 1 in Hexes
   983 | D:2      | Reached skill level 1 in Summonings
   983 | D:2      | Reached skill level 1 in Necromancy
   983 | D:2      | Reached skill level 1 in Translocations
   983 | D:2      | Reached skill level 1 in Fire Magic
   983 | D:2      | Reached skill level 1 in Ice Magic
   983 | D:2      | Reached skill level 1 in Air Magic
   983 | D:2      | Reached skill level 1 in Earth Magic
   983 | D:2      | Reached skill level 1 in Alchemy
   983 | D:2      | Reached skill level 1 in Evocations
   983 | D:2      | Reached skill level 1 in Shapeshifting
   983 | D:2      | Reached XP level 4. HP: 30/38 MP: 8/8
   983 | D:2      | Reached XP level 5. HP: 34/43 MP: 9/9
  1503 | D:3      | Found a hide-covered altar of Uskayaw.
  1503 | D:3      | Found a burning altar of Makhleb.
  1543 | D:3      | Reached XP level 6. HP: 50/50 MP: 11/11
  1648 | D:3      | Reached skill level 5 in Fighting
  1648 | D:3      | Reached skill level 5 in Short Blades
  1958 | D:3      | Learned a level 1 spell: Slow
  2342 | D:4      | Reached skill level 7 in Unarmed Combat
  2342 | D:4      | Reached XP level 7. HP: 20/56 MP: 12/12
  2628 | D:4      | Found a stormy altar of Qazlal.
  3422 | D:4      | Found a white marble altar of Elyvilon.
  3610 | D:4      | Became a worshipper of Elyvilon the Healer
  3656 | D:5      | Entered Level 5 of the Dungeon
  3890 | D:5      | Found a staircase to the Ecumenical Temple.
  3911 | Temple   | Entered the Ecumenical Temple
  3993 | D:5      | Reached XP level 8. HP: 22/63 MP: 14/14
  4392 | D:5      | Elyvilon protects you from harm!
  4399 | D:5      | HP: 1/64 [something (5)]
  4656 | D:5      | Identified the +2 short sword of Hoelakk {heavy, ^Fragile
                  | rF+ Int+3 Dex+3}
  4772 | D:5      | Found a shimmering blue altar of Sif Muna.
  4972 | D:5      | Reached * piety under Elyvilon
  5458 | D:6      | Found Borricip's Sacrilege Store.
  5592 | D:3      | Fell from the grace of Elyvilon
  5592 | D:3      | Became a worshipper of Uskayaw the Reveller
  5671 | D:6      | Reached * piety under Uskayaw
  5677 | D:6      | Reached ** piety under Uskayaw
  5684 | D:6      | Reached *** piety under Uskayaw
  5686 | D:6      | Reached XP level 9. HP: 44/69 MP: 16/16
  5696 | D:6      | Reached **** piety under Uskayaw
  5746 | D:6      | Reached skill level 5 in Spellcasting
  5962 | D:6      | Reached skill level 5 in Throwing
  5962 | D:6      | Reached skill level 5 in Dodging
  6376 | D:6      | Reached skill level 8 in Unarmed Combat
  6515 | D:6      | Found a runed translucent gate.
  6515 | D:6      | Found a runed translucent gate.
  6515 | D:6      | Found a runed translucent gate.
  6516 | D:6      | Noticed Tripartite's ghost (weakling MfDe)
  6516 | D:6      | Noticed Wolfey's ghost (novice OpFi)
  6708 | D:6      | Found a snail-covered altar of Cheibriados.
  6783 | D:7      | Reached skill level 5 in Invocations
  6930 | D:7      | Reached ***** piety under Uskayaw
  6978 | D:7      | Found a glowing silver altar of Zin.
  7046 | D:7      | Found a broken altar of Ashenzari.
  7423 | D:8      | Noticed Gastronok
  7438 | D:8      | Slain by Gastronok

Illustrated notes

Levels and vault maps discovered:
D:1:      roderic_octagonal_star, layout_basic,
          dreamdust_ecumenical_altar_statues
D:2:      layout_rooms, basic_altar, uniq_sigmund
D:3:      layout_rooms, amethyst_overflow_temple_binary,
          kennysheep_generic_room_8
D:4:      layout_cave_pods, nicolae_qazlal_scattered_showers,
          nicolae_elyvilon_temple_path
D:5:      kennysheep_steamy, layout_cave_pods, mainiacjoe_overflow_tiny_flanked,
          temple_pool_b, kennysheep_cross_bottleneck
D:6:      layout_loops_ring, slow_altar_2, gammafunk_ghost_cemetery,
          hangedman_decor_diamond_cutter, nicolae_evil_shop
D:7:      layout_rooms, gammafunk_temple_overflow_pools
D:8:      layout_loops_cross, lemuel_round_altar, dpeg_oklobed_lair,
          uniq_gastronok, uniq_amaemon, uniq_grum
Temple:   chequers_temple_sunken

Skill      XL: |  1  2  3  4  5  6  7  8  9 |
---------------+----------------------------+-----
Invocations    | 1 2 3 4 5 |  5.4
Long Blades    | 1 2 3 4 |  4.9
Axes           | 1 2 3 4 |  4.9
Maces & Flails | 1 2 3 4 |  4.9
Polearms       | 1 2 3 4 |  4.9
Staves         | 1 2 3 4 |  4.9
Ranged Weapons | 1 2 3 4 |  4.9
Throwing       | 3 4 5 |  5.6
Armour         | 1 2 3 4 |  4.9
Dodging        | 3 4 5 |  5.6
Stealth        | 1 2 3 4 |  4.9
Shields        | 1 2 3 4 |  4.9
Spellcasting   | 3 4 5 |  5.7
Conjurations   | 1 2 3 4 |  4.1
Hexes          | 1 2 3 4 |  4.1
Summonings     | 1 2 3 4 |  4.1
Necromancy     | 1 2 3 4 |  4.1
Translocations | 1 2 3 4 |  4.1
Fire Magic     | 1 2 3 4 |  4.1
Ice Magic      | 1 2 3 4 |  4.1
Air Magic      | 1 2 3 4 |  4.1
Earth Magic    | 1 2 3 4 |  4.1
Alchemy        | 1 2 3 4 |  4.1
Evocations     | 1 2 3 4 |  4.9
Shapeshifting  | 1 2 3 4 |  4.5
Fighting       | 5 6 |  6.8
Short Blades   | 5 6 |  6.8
Unarmed Combat | 7 8 |  8.3

Action                     |  1- 3 |  4- 6 |  7- 9 || total
---------------------------+-------+-------+-------++-------
  Melee: Short sword       |   114 |   244 |   511 ||   869
         Punch             |     4 |    17 |    30 ||    51
         Bite              |    10 |    35 |    77 ||   122
  Throw: Boomerang         |       |     3 |    43 ||    46
   Cast: Slow              |       |     3 |       ||     3
    Use: Potion            |     2 |     2 |     1 ||     5
   Stab: Sleeping          |     1 |     3 |     9 ||    13
         Paralysed         |       |       |     9 ||     9
 Armour: Robe              |    42 |   142 |   104 ||   288
         Steam dragon scal |       |       |   139 ||   139
  Dodge: Dodged            |    47 |   116 |   323 ||   486
